 Dungeon Crawl Stone Soup version 0.28-a0-1152-g9c71ebef14 (webtiles) character file.

Game seed: 1332195110178814779

41 croobank the Skirmisher (level 3, 0/29 HPs)
             Began as a Demonspawn Abyssal Knight on Dec 14, 2021.
             Was a Follower of Lugonu.
             Succumbed to an adder's poison
             ... on level 2 of the Dungeon.
             The game lasted 00:05:49 (1825 turns).

croobank the Skirmisher (Demonspawn Abyssal Knight) Turns: 1825, Time: 00:05:50

Health: 0/29       AC:  3    Str: 15    XL:     3   Next: 32%
Magic:  14/14      EV: 11    Int: 11    God:    Lugonu [*.....]
Gold:   166        SH:  0    Dex: 13    Spells: 2/2 levels left

rFire   . . .      SeeInvis .   a - +0 short sword (speed)
rCold   . . .      Faith    .   (no shield)
rNeg    . . .      Spirit   .   h - +0 leather armour
rPois   .          Reflect  .   (no helmet)
rElec   .          Harm     .   (no cloak)
rCorr   .          Rampage  .   (no gloves)
Will    .....                   (no boots)
Stlth   +.........              (no amulet)
HPRegen 0.09/turn               e - ring of magical power
MPRegen 0.28/turn               (no ring)

@: lethally poisoned (0 -> -2), hasted, very quick
A: claws 1, magic regeneration
a: Renounce Religion, Depart the Abyss


You were on level 2 of the Dungeon.
You worshipped Lugonu.
Lugonu was aware of your devotion.
You visited 1 branch of the dungeon, and saw 2 of its levels.
You visited the Abyss 1 time.

You collected 166 gold pieces.

Inventory:

Hand Weapons
 a - a +0 short sword of speed (weapon)
 b - a +0 hunting sling
 c - a +1 hand axe
Missiles
 i - 21 bolts
 l - 22 sling bullets
 m - 21 stones
Armour
 h - a +0 leather armour (worn)
Jewellery
 e - a ring of magical power (left claw)
Scrolls
 d - a scroll of blinking {unknown}
 f - a scroll of enchant armour {unknown}
 g - a scroll of identify {unknown}
 k - a scroll of immolation {unknown}
Potions
 j - a potion of haste


   Skills:
 + Level 3.3 Fighting
 + Level 2.1 Axes
 + Level 2.2 Armour
 + Level 1.4 Dodging
 + Level 3.0 Invocations


You had 2 spell levels left.
You didn't know any spells.
Your spell library was empty.

Dungeon Overview and Level Annotations

Branches:
Dungeon (2/15)

Altars:


Innate Abilities, Weirdness & Mutations

You have sharp fingernails.
You regenerate magic rapidly.


Message History

The quokka bites you.
You barely miss the quokka. The quokka bites you.
You hit the quokka.
The quokka is moderately wounded.
The quokka bites you.
You barely miss the quokka.
The quokka is moderately wounded.
The quokka barely misses you.
You barely miss the quokka.
The quokka is moderately wounded.
The quokka bites you. The adder barely misses you. The adder bites you.
The quokka closely misses you. The adder bites you.
You hit the adder.
The adder is lightly wounded.
The adder bites you.
You are poisoned.
The adder poisons you!
You hit the adder.
The adder is moderately wounded.
You feel sick.
You hit the adder.
The adder is moderately wounded.
You feel sick. The adder completely misses you.
You barely miss the adder.
The adder is moderately wounded.
The adder bites you.
* * * LOW HITPOINT WARNING * * *
You barely miss the adder.
The adder is moderately wounded.
* * * LOW HITPOINT WARNING * * *
You feel sick. The adder bites you but does no damage.
It was a potion of haste.
You feel yourself speed up.
* * * LOW HITPOINT WARNING * * *
You feel sick. The adder bites you.
* * * LOW HITPOINT WARNING * * *
You miss the adder.
The adder is moderately wounded.
You die...

##............ #...#........
...# .. ###......######
#...##..# .....##.##
##.......##.... ....###.#
#..............
....###.##########..............
.................#..............
....############.#..............
....# #@Sr............. .<..#
###.............. #####
##............. ##.....##.....
####### ###


You could see an adder and a quokka.

Vanquished Creatures
  2 adders (D:2)
  2 bats (D:2)
  An endoplasm (D:2)
  5 goblins (D:1)
  A hobgoblin (D:2)
  2 quokkas
  2 ball pythons
  A frilled lizard (D:2)
  3 kobolds
  2 rats (D:1)
21 creatures vanquished.

Notes
Turn   | Place    | Note
-------+----------+-------------------------------------------
     0 | Abyss:1  | croobank the Demonspawn Abyssal Knight began the quest for
                  | the Orb.
     0 | Abyss:1  | Reached XP level 1. HP: 18/18 MP: 2/2
    92 | Abyss:2  | Noticed an orb spider
   115 | Abyss:2  | Noticed a harpy simulacrum
   119 | D:1      | Escaped the Abyss
   170 | D:1      | Reached skill level 1 in Dodging
   825 | D:1      | Gained mutation: You have sharp fingernails. [demonic
                  | ancestry]
   825 | D:1      | Reached XP level 2. HP: 19/24 MP: 4/4
  1176 | D:1      | You fall into a shaft and drop 1 floor!
  1181 | D:2      | Reached * piety under Lugonu
  1288 | D:2      | Gained mutation: You regenerate magic rapidly. [demonic
                  | ancestry]
  1288 | D:2      | Reached XP level 3. HP: 10/29 MP: 5/5
  1824 | D:2      | HP: 1/29 [adder (2)]
  1825 | D:2      | Succumbed to an adder's poison

Illustrated notes

Levels and vault maps discovered:
D:1:      kennysheep_arrival_forest, layout_basic,
          hellmonk_ecumenical_altar_inner_sanctum
D:2:      layout_rooms, serial_shops, nicolae_square_shop, grunt_decor_fettered,
          kennysheep_crisscross

Skill      XL: |  1  2 |
---------------+-------+-----
Dodging        | 1 |  1.4
Axes           | 2 |  2.1
Armour         | 2 |  2.2
Invocations    | 3 |  3.0
Fighting       | |  3.3

Action                   || total
-------------------------++-------
Melee: Hand axe          ||    26
       Short sword       ||    75
Invok: Depart the Abyss  ||     1
  Use: Potion            ||     1
Armor: Leather armour    ||    29
Dodge: Dodged            ||    56

Table legend: (Time is in decaauts)
 A = Elapsed time spent in this place.
 B = Non-inter-level travel time spent in this place.
 C = Inter-level travel time spent in this place.
 D = Time resting spent in this place.
 E = Time spent auto-exploring this place.
 F = Levels seen in this place.
 G = Mean time per level.
                   A        B        C        D        E       F      G
               +--------+--------+--------+--------+--------+-----+--------+
         Total |   1807 |   1807 |      0 |    628 |    805 |   4 |  451.8 |
       Dungeon |   1688 |   1688 |      0 |    628 |    765 |   2 |  844.0 |
         Abyss |    118 |    118 |      0 |      0 |     40 |   2 |   59.0 |
               +--------+--------+--------+--------+--------+-----+--------+

Top non-repeatable levels by time:
     D:1: 1057 daAuts
     D:2: 631 daAuts
 Abyss:2: 78 daAuts
 Abyss:1: 40 daAuts
